[Event "Titled Tuesday Blitz July 18 Early 2023"]
[White "Merino Garcia, Rafael II"]
[Black "Cardozo Munar, Carlos Eduardo"]
[WhiteFideId "2209128"]
[BlackFideId "4409477"]
[WhiteElo "2379"]
[BlackElo "2284"]
[Result "1-0"]
[Round "5"]
[TimeControl "180+2"]
[Date "2023.07.18"]
[WhiteClock "0:00:17"]
[BlackClock "0:00:02"]
[Board "189"]

1. d4 d5 2. Nf3 c6 3. g3 Nf6 4. Bg2 Bf5 5. c4 Nbd7 6. Nc3 e6 7. Qb3 Qb6 8. c5 Qxb3 9. axb3 a6 10. b4 O-O-O 11. Nh4 Bc2 12. Kd2 Be4 13. Nxe4 dxe4 14. Kc2 h6 15. f4 Be7 16. f5 e5 17. dxe5 Nxe5 18. Bf4 Ned7 19. Rad1 Nd5 20. Bd2 Bxh4 21. gxh4 N7f6 22. Rhg1 Ng4 23. Kb3 Nf2 24. Rdf1 e3 25. Bc3 Nxc3 26. bxc3 Rd2 27. Bf3 Rg8 28. Rg3 g5 29. Bh5 f6 30. Rxe3 Nd1 31. Rg3 Rgd8 32. hxg5 Rb2+ 33. Kc4 hxg5 34. e4 Rb1 35. Bxd1 Rdxd1 36. Rxd1 Rxd1 37. Rh3 Re1 38. Rh6 Rxe4+ 39. Kd3 Rf4 40. Rxf6 Kd7 41. Rf7+ Ke8 42. Rxb7 Rxf5 43. Rb6 Kd7 44. Rxa6 Rf2 45. Ra7+ Kd8 46. Rh7 Rg2 47. Kc4 Kc8 48. Kb3 Rf2 49. c4 g4 50. b5 Rf3+ 51. Kb4 Rf1 52. Ka5 Rc1 53. Kb6 cxb5 54. cxb5 Kd8 55. c6 Rc2 56. c7+ Kc8 57. Rh8+ Kd7 58. Rh7+ Kc8 59. Rh8+ Kd7 60. Rd8+ Ke7 61. c8=Q 1-0


[Site "https://www.chess.com"]

[Event "Titled Tuesday Blitz July 18 Early 2023"]
[White "TomLiu777"]
[Black "Kiseleva, Arina"]
[BlackFideId "4164989"]
[WhiteElo "2328"]
[BlackElo "2199"]
[Result "1-0"]
[Round "5"]
[TimeControl "180+2"]
[Date "2023.07.18"]
[WhiteClock "0:00:52"]
[BlackClock "0:00:05"]
[Board "190"]

1. c4 e5 2. Nc3 Bb4 3. Nd5 Be7 4. Nf3 d6 5. d4 exd4 6. Nxd4 Nc6 7. g3 Nf6 8. Bg2 Nxd5 9. cxd5 Ne5 10. O-O O-O 11. b3 a5 12. Bb2 a4 13. bxa4 Bf6 14. Rc1 Bd7 15. Nb5 Nf3+ 16. Bxf3 Bxb2 17. Rc4 Bxb5 18. axb5 b6 19. a4 Ba3 20. Qc2 Bc5 21. Rh4 g6 22. Qc1 f5 23. Qh6 Rf7 24. Rc1 Qf6 25. Qd2 Re7 26. Kg2 g5 27. Rhc4 g4 28. Bxg4 fxg4 29. Rxg4+ Rg7 30. Rf4 Qe5 31. Rcc4 Qg5 32. Rce4 h5 33. h4 Rf8 34. hxg5 1-0


[Site "https://www.chess.com"]

[Event "Titled Tuesday Blitz July 18 Early 2023"]
[White "Schut, Han"]
[Black "Larina, Maria"]
[WhiteFideId "1005561"]
[BlackFideId "24113182"]
[WhiteElo "2305"]
[BlackElo "2195"]
[Result "1/2-1/2"]
[Round "5"]
[TimeControl "180+2"]
[Date "2023.07.18"]
[WhiteClock "0:00:04"]
[BlackClock "0:00:21"]
[Board "191"]

1. e4 c6 2. d4 d5 3. e5 Bf5 4. Nf3 e6 5. Be2 h6 6. O-O Nd7 7. c3 Ne7 8. Nbd2 Bh7 9. Re1 Nf5 10. Nf1 Be7 11. Ng3 Nxg3 12. hxg3 O-O 13. Be3 c5 14. a3 cxd4 15. cxd4 Nb6 16. Rc1 Qd7 17. Qd2 Rfc8 18. g4 Rxc1 19. Rxc1 Rc8 20. g5 Rxc1+ 21. Qxc1 hxg5 22. Bxg5 Be4 23. Bxe7 Qxe7 24. Ng5 Bg6 25. f4 Qd8 26. g4 Qc8 27. Qxc8+ Nxc8 28. Kf2 Kf8 29. Ke3 Ke7 30. Nf3 Be4 31. Nh4 Nb6 32. Kd2 Na4 33. Kc1 f6 34. Bd1 Nb6 35. Bc2 Bxc2 36. Kxc2 Nc4 37. a4 Ne3+ 38. Kb3 Nxg4 39. Kb4 g5 40. exf6+ Kxf6 41. fxg5+ Kxg5 42. Nf3+ Kf4 43. Nd2 Ke3 44. Nb3 Nf2 45. Kc5 Nd3+ 46. Kd6 Nxb2 47. Kxe6 Nxa4 48. Kxd5 Nb6+ 49. Kc5 Kd3 50. d5 Nxd5 51. Kxd5 Kc3 52. Nc5 b5 53. Na6 b4 54. Kc5 b3 55. Nb4 a5 56. Nd5+ Kc2 57. Ne3+ Kd3 58. Nc4 Kc3 59. Kb5 a4 60. Na3 Kb2 61. Kxa4 Ka2 62. Nc4 b2 63. Nxb2 1/2-1/2


[Site "https://www.chess.com"]

[Event "Titled Tuesday Blitz July 18 Early 2023"]
[White "Gyulamiryan-koryun"]
[Black "Holtel, Jasper"]
[BlackFideId "12956376"]
[WhiteElo "1867"]
[BlackElo "2294"]
[Result "0-1"]
[Round "5"]
[TimeControl "180+2"]
[Date "2023.07.18"]
[WhiteClock "0:00:47"]
[BlackClock "0:01:51"]
[Board "192"]

1. d4 Nf6 2. c4 g6 3. Nc3 Bg7 4. e4 d6 5. Nf3 O-O 6. h3 c5 7. d5 Nbd7 8. Be3 a6 9. a4 b6 10. Be2 Rb8 11. Qc2 Ne8 12. O-O Nc7 13. Nd2 e5 14. dxe6 Nxe6 15. Nf3 Ne5 16. Rfd1 Nxf3+ 17. Bxf3 Nd4 18. Bxd4 Bxd4 19. Nd5 Be6 20. Qd2 b5 21. axb5 axb5 22. cxb5 Bxd5 23. exd5 Rxb5 24. Ra2 Qf6 25. Rb1 Rfb8 26. g3 Qxf3 0-1


[Site "https://www.chess.com"]

[Event "Titled Tuesday Blitz July 18 Early 2023"]
[White "Cardenas Carbajal, Nilson"]
[Black "De Silva, L M S T"]
[WhiteFideId "8401128"]
[BlackFideId "9953698"]
[WhiteElo "2171"]
[BlackElo "2737"]
[Result "0-1"]
[Round "5"]
[TimeControl "180+2"]
[Date "2023.07.18"]
[WhiteClock "0:00:00"]
[BlackClock "0:00:23"]
[Board "193"]

1. e4 c6 2. d4 d5 3. Nd2 dxe4 4. Nxe4 Bf5 5. Ng3 Bg6 6. Nf3 Nd7 7. Bd3 Bxd3 8. Qxd3 e6 9. O-O Ngf6 10. Re1 Be7 11. b3 O-O 12. Bb2 c5 13. c4 cxd4 14. Nxd4 Nc5 15. Qf3 Qb6 16. Ndf5 Qc7 17. Nxe7+ Qxe7 18. Nf5 Qd8 19. Rad1 exf5 20. Rxd8 Rfxd8 21. Qxf5 Ne6 22. h4 Nd7 23. h5 h6 24. Re3 Ndf8 25. Rg3 Kh8 26. Qxf7 Rd7 27. Qf3 Re8 28. Qe3 Kh7 29. Qxa7 Nf4 30. Kh2 Nxh5 31. Rg4 Rf7 32. f3 Ng6 33. Qb6 Nhf4 34. Qd6 Re2 35. Qd4 h5 36. Rg3 h4 37. Rg4 h3 0-1


[Site "https://www.chess.com"]

[Event "Titled Tuesday Blitz July 18 Early 2023"]
[White "Grafil, Franz Robert"]
[Black "Lisjak, Zlatko"]
[WhiteFideId "5205298"]
[BlackFideId "14502186"]
[WhiteElo "2661"]
[BlackElo "2155"]
[Result "1-0"]
[Round "5"]
[TimeControl "180+2"]
[Date "2023.07.18"]
[WhiteClock "0:01:45"]
[BlackClock "0:02:40"]
[Board "194"]

1. d4 d6 2. e4 Nf6 3. Nc3 c6 4. f4 Qa5 5. Bd3 e5 6. Nf3 Nbd7 7. O-O exd4 8. Nxd4 Qb6 9. Be3 Qb5 10. Ncxb5 cxb5 11. Nxb5 Kd8 12. e5 1-0


[Site "https://www.chess.com"]

[Event "Titled Tuesday Blitz July 18 Early 2023"]
[White "Guevara Sanchez, Erick Marvin"]
[Black "Turzo, Attila"]
[WhiteFideId "6700136"]
[BlackFideId "704954"]
[WhiteElo "2126"]
[BlackElo "2505"]
[Result "0-1"]
[Round "5"]
[TimeControl "180+2"]
[Date "2023.07.18"]
[WhiteClock "0:00:35"]
[BlackClock "0:00:42"]
[Board "195"]

1. e4 d6 2. d4 Nf6 3. Nc3 g6 4. f4 Bg7 5. Nf3 O-O 6. Bd3 Nc6 7. Be3 e5 8. fxe5 dxe5 9. d5 Ne7 10. h3 c6 11. dxc6 Nxc6 12. O-O Be6 13. Bb5 Nh5 14. Ng5 Nd4 15. Bxd4 exd4 16. Nxe6 fxe6 17. Ne2 Qb6 18. Bd3 Qxb2 19. Rb1 Qxa2 20. Rxb7 Kh8 21. g4 Nf6 22. Nf4 e5 23. Ne2 Qe6 24. Ng3 a5 25. Kh2 a4 26. g5 Nd7 27. Rxf8+ Nxf8 28. Qe2 a3 29. Bc4 Qc8 30. Rb1 Ne6 31. Bxe6 Qxe6 32. Ra1 a2 33. h4 h6 34. gxh6 Bxh6 35. h5 Bf4 36. Kg2 Ra3 37. Nf1 Qf6 38. Qg4 gxh5 39. Qxh5+ Kg7 40. Qg4+ Qg6 41. Qxg6+ Kxg6 42. Kf2 Bc1 43. Rxc1 a1=Q 44. Rxa1 Rxa1 45. Nd2 Ra2 46. Ke2 Rxc2 47. Kd3 Rxd2+ 48. Kxd2 Kg5 49. Ke2 Kf4 50. Kd3 Kf3 51. Kc4 Kxe4 52. Kb3 Kd3 53. Kb2 Kd2 0-1


[Site "https://www.chess.com"]

[Event "Titled Tuesday Blitz July 18 Early 2023"]
[White "ArchibaldCerveza29"]
[Black "Kiseljova, Marya"]
[BlackFideId "4155009"]
[WhiteElo "2479"]
[BlackElo "2126"]
[Result "0-1"]
[Round "5"]
[TimeControl "180+2"]
[Date "2023.07.18"]
[WhiteClock "0:00:00"]
[BlackClock "0:00:59"]
[Board "196"]

1. d4 Nf6 2. c4 e6 3. Nf3 d5 4. Nc3 c5 5. cxd5 exd5 6. Bg5 Nc6 7. e3 c4 8. Be2 Be7 9. O-O O-O 10. b3 Qa5 11. Qc2 b5 12. Bxf6 Nb4 13. Qd2 Bxf6 14. Nxd5 Nc6 15. Qxa5 Nxa5 16. Nxf6+ gxf6 17. bxc4 Nxc4 18. Rfc1 Be6 19. Rc2 Na3 20. Rb2 a6 21. Rc1 Rfc8 22. Rd1 Rc3 23. Nd2 f5 24. g4 Rac8 25. gxf5 Bxf5 26. e4 Bh3 27. Bf1 Bg4 28. f3 Bxf3 29. Nxf3 Rxf3 30. Rg2+ Kf8 31. Be2 Rf4 32. e5 Rd8 33. Rd3 Nc2 34. Rdg3 Nxd4 35. Rg8+ Ke7 36. Rxd8 Nxe2+ 37. Rxe2 Kxd8 38. Kg2 Ke7 39. Kg3 Ra4 40. Kf3 Ke6 41. h3 Rh4 42. Kg3 Rc4 43. Kf3 a5 44. Kg3 b4 0-1


[Site "https://www.chess.com"]

[Event "Titled Tuesday Blitz July 18 Early 2023"]
[White "Hrescak, Ivana"]
[Black "Herman, Matthew"]
[WhiteFideId "14613441"]
[BlackFideId "2028964"]
[WhiteElo "2124"]
[BlackElo "2462"]
[Result "0-1"]
[Round "5"]
[TimeControl "180+2"]
[Date "2023.07.18"]
[WhiteClock "0:00:00"]
[BlackClock "0:00:15"]
[Board "197"]

1. e4 g6 2. d4 Bg7 3. Nc3 d6 4. f4 e6 5. Nf3 Ne7 6. Be3 a6 7. Be2 Nd7 8. O-O b6 9. e5 Bb7 10. h3 O-O 11. Qd2 b5 12. a3 Nb6 13. Rad1 Rc8 14. Bd3 Qd7 15. Qf2 Nf5 16. Bxf5 exf5 17. Rfe1 Nd5 18. Nxd5 Bxd5 19. c3 a5 20. Ng5 Rb8 21. Qh4 h6 22. Nf3 b4 23. axb4 axb4 24. Rc1 Bxf3 25. gxf3 b3 26. Qf2 Ra8 27. Ra1 Ra2 28. Rxa2 bxa2 29. b3 Qc6 30. Qxa2 Qxc3 31. Re2 Rb8 32. Qc2 Rxb3 33. Kg2 Bf8 0-1


[Site "https://www.chess.com"]

[Event "Titled Tuesday Blitz July 18 Early 2023"]
[White "Ziatdinov, Raset"]
[Black "Ishowmoves57"]
[WhiteFideId "2015323"]
[WhiteElo "2307"]
[BlackElo "2115"]
[Result "0-1"]
[Round "5"]
[TimeControl "180+2"]
[Date "2023.07.18"]
[WhiteClock "0:01:54"]
[BlackClock "0:01:40"]
[Board "198"]

1. e4 c5 2. Nf3 Nc6 3. d4 cxd4 4. Nxd4 e5 5. Nb5 d6 6. N1c3 a6 7. Na3 b5 8. Nd5 Nf6 9. Bg5 Be7 10. Bxf6 Bxf6 11. c3 O-O 12. Bd3 Bg5 13. h4 Bh6 14. g4 Bf4 15. Nc2 Be6 16. Nxf4 exf4 17. f3 Ne5 18. Be2 d5 19. Qd2 dxe4 20. Qxf4 Nxf3+ 21. Bxf3 exf3 22. Qxf3 Bd5 23. Qf1 Re8+ 24. Kf2 Bxh1 25. Qxh1 Qd2+ 0-1


[Site "https://www.chess.com"]

[Event "Titled Tuesday Blitz July 18 Early 2023"]
[White "Lakshmi C"]
[Black "EdmundPlayer"]
[WhiteFideId "25035347"]
[WhiteElo "2111"]
[BlackElo "2297"]
[Result "0-1"]
[Round "5"]
[TimeControl "180+2"]
[Date "2023.07.18"]
[WhiteClock "0:00:00"]
[BlackClock "0:00:35"]
[Board "199"]

1. e4 e6 2. d4 d5 3. e5 c5 4. c3 Nc6 5. Ne2 cxd4 6. cxd4 Qb6 7. Nbc3 f6 8. exf6 Nxf6 9. g3 Bd6 10. Bg2 O-O 11. O-O Bd7 12. Nf4 Qxd4 13. Qb3 Qb4 14. Qd1 a6 15. Be3 d4 16. a3 Qb6 17. Na4 Qc7 18. Bxd4 e5 19. Bb6 Qb8 20. Nd5 Nd4 21. Nxf6+ Rxf6 0-1


[Site "https://www.chess.com"]

[Event "Titled Tuesday Blitz July 18 Early 2023"]
[White "arturdailima"]
[Black "Winkels, Marcel"]
[BlackFideId "1003887"]
[WhiteElo "2256"]
[BlackElo "2095"]
[Result "1-0"]
[Round "5"]
[TimeControl "180+2"]
[Date "2023.07.18"]
[WhiteClock "0:01:58"]
[BlackClock "0:00:00"]
[Board "200"]

1. a3 c5 2. e3 Nf6 3. d4 g6 4. Nf3 Bg7 5. dxc5 Ne4 6. Nbd2 Nxc5 7. Be2 O-O 8. O-O d6 9. c4 Nc6 10. Qc2 Bf5 11. e4 Bg4 12. Rb1 Rc8 13. b4 Ne6 14. Bb2 Qd7 15. Bxg7 Kxg7 16. h3 Bxf3 17. Nxf3 a6 18. Qb2+ Kg8 19. Rfd1 Qc7 20. Rbc1 Rfd8 21. Bf1 Ne5 22. Nd4 Nxd4 23. Qxd4 Qb8 24. f4 Nc6 25. Qe3 Qa7 26. Kf2 Qxe3+ 27. Kxe3 Kf8 28. c5 dxc5 29. Rxd8+ Rxd8 30. Rxc5 Rd1 31. Bxa6 Nxb4 32. Be2 Nc6 33. Bxd1 1-0


[Site "https://www.chess.com"]

[Event "Titled Tuesday Blitz July 18 Early 2023"]
[White "Granados Diaz, Maria Esther"]
[Black "abelmat"]
[WhiteFideId "6101488"]
[WhiteElo "2232"]
[BlackElo "1956"]
[Result "1-0"]
[Round "5"]
[TimeControl "180+2"]
[Date "2023.07.18"]
[WhiteClock "0:00:22"]
[BlackClock "0:00:00"]
[Board "201"]

1. e4 e6 2. d4 d5 3. e5 c5 4. c3 Bd7 5. a3 Qb6 6. Nf3 cxd4 7. cxd4 Bb5 8. Bxb5+ Qxb5 9. Nc3 Qb6 10. O-O Nc6 11. b4 a6 12. Be3 Nge7 13. Qd3 Ng6 14. Rab1 Be7 15. Rfc1 O-O 16. g3 Rfc8 17. h4 Nf8 18. h5 h6 19. Na4 Qd8 20. Nh2 Nh7 21. Kg2 Ng5 22. f3 Na7 23. Nc5 Bxc5 24. bxc5 Qe7 25. a4 Nc6 26. Rb6 Na5 27. Rcb1 Rc7 28. Nf1 Nc4 29. R6b4 Rac8 30. Nd2 Nxe3+ 31. Qxe3 Nh7 32. Rb6 Nf8 33. Qb3 Qg5 34. f4 Qxh5 35. Nf3 Qg6 36. Rb2 Qe4 37. Rxb7 Rxb7 38. Qxb7 Re8 39. c6 Ng6 40. c7 Ne7 41. Qxa6 Rc8 42. Rb8 Qc2+ 43. Kg1 Qxc7 44. Rxc8+ Qxc8 45. Qxc8+ Nxc8 46. Kf2 Kf8 47. Ke3 Ke8 48. Kd3 Kd7 49. Kc3 Kc6 50. Kb4 Kb6 51. Ne1 Ka6 52. Nd3 Nb6 53. Nc5+ Ka7 54. Kb5 Nc4 55. g4 g6 56. a5 h5 57. gxh5 gxh5 58. Nd3 h4 59. Nf2 Ne3 60. Kc5 Nf5 61. Nh3 Ka6 62. Kc6 Kxa5 63. Kd7 Kb4 64. Ke8 Nxd4 65. Kxf7 Kc5 66. Kf6 Nf3 67. Kxe6 d4 68. Nf2 1-0


[Site "https://www.chess.com"]

[Event "Titled Tuesday Blitz July 18 Early 2023"]
[White "Joshi, Pankaj"]
[Black "Saim, Mohamed Ilias"]
[WhiteFideId "5006210"]
[BlackFideId "7900465"]
[WhiteElo "2212"]
[BlackElo "1907"]
[Result "1-0"]
[Round "5"]
[TimeControl "180+2"]
[Date "2023.07.18"]
[WhiteClock "0:01:37"]
[BlackClock "0:00:30"]
[Board "202"]

1. e4 c6 2. d4 d5 3. exd5 cxd5 4. Bd3 Nc6 5. c3 g6 6. Bf4 Bf5 7. Be2 Bg7 8. Nf3 Nf6 9. O-O O-O 10. h3 Re8 11. Nbd2 Nh5 12. Bh2 e5 13. dxe5 Nxe5 14. Nxe5 Bxe5 15. Bxe5 Rxe5 16. Bxh5 gxh5 17. Qxh5 Qe7 18. Nf3 1-0


[Site "https://www.chess.com"]

[Event "Titled Tuesday Blitz July 18 Early 2023"]
[White "Navyblue1"]
[Black "Novikova, Margarita"]
[BlackFideId "14109689"]
[WhiteElo "1868"]
[BlackElo "2190"]
[Result "0-1"]
[Round "5"]
[TimeControl "180+2"]
[Date "2023.07.18"]
[WhiteClock "0:00:00"]
[BlackClock "0:01:35"]
[Board "203"]

1. d4 e5 2. dxe5 Nc6 3. Nf3 Qe7 4. c4 Nxe5 5. Nxe5 Qxe5 6. Nc3 Nf6 7. e3 Bc5 8. Be2 O-O 9. O-O a6 10. a3 d6 11. Qe1 Bg4 12. h3 Bxe2 13. Qxe2 Rfe8 14. Qc2 a5 15. Rd1 c6 16. Rb1 Rad8 17. b4 axb4 18. axb4 Ba7 19. Bb2 Qe7 20. Ra1 Bb8 21. Ne2 Qc7 22. Bxf6 gxf6 23. Qc3 d5 24. Nf4 Qe5 25. Rac1 Qxc3 26. Rxc3 Bxf4 27. exf4 dxc4 28. Rxd8 Rxd8 29. Rxc4 Rd2 30. g3 f5 31. Kg2 Kg7 32. Rc5 Kf6 33. b5 Rd5 34. Rxd5 cxd5 35. Kf3 Ke6 36. Ke3 Kd6 37. Kd4 h5 0-1


[Site "https://www.chess.com"]

[Event "Titled Tuesday Blitz July 18 Early 2023"]
[White "Castillo Pena, Patricia Evarista"]
[Black "BeautiFullMindChess"]
[WhiteFideId "6412106"]
[WhiteElo "1833"]
[BlackElo "2181"]
[Result "0-1"]
[Round "5"]
[TimeControl "180+2"]
[Date "2023.07.18"]
[WhiteClock "0:00:00"]
[BlackClock "0:01:41"]
[Board "204"]

1. d4 Nf6 2. Nf3 e6 3. e3 c5 4. Bd3 b6 5. O-O Be7 6. b3 cxd4 7. exd4 O-O 8. Bb2 Ba6 9. c4 d5 10. Qe2 dxc4 11. bxc4 Nc6 12. Nbd2 Re8 13. Rfd1 Rc8 14. Rac1 Qc7 15. Ne4 Qf4 16. g3 Qg4 17. d5 exd5 18. Bxf6 dxe4 19. Bxe4 Bxf6 20. Qc2 Qxe4 0-1


[Site "https://www.chess.com"]

[Event "Titled Tuesday Blitz July 18 Early 2023"]
[White "Sankalan Shah"]
[Black "Nan M K Khine Hlyan"]
[WhiteFideId "25600362"]
[BlackFideId "13002899"]
[WhiteElo "2175"]
[BlackElo "1751"]
[Result "1-0"]
[Round "5"]
[TimeControl "180+2"]
[Date "2023.07.18"]
[WhiteClock "0:00:54"]
[BlackClock "0:01:05"]
[Board "205"]

1. d4 d5 2. c4 Nf6 3. cxd5 Nxd5 4. e4 Nb6 5. Nc3 g6 6. Be3 Bg7 7. Be2 O-O 8. Nf3 Bg4 9. Rc1 e6 10. O-O Bxf3 11. Bxf3 Nc4 12. Qe2 Nxe3 13. fxe3 Nc6 14. e5 Qh4 15. Bxc6 bxc6 16. Na4 Bh6 17. Qf3 Qg5 18. Rc3 Rab8 19. b3 Bg7 20. Qxc6 h5 21. Qe4 Rfd8 22. Rxc7 Rdc8 23. Rcxf7 Kh8 24. Nc5 Rb4 25. Nxe6 Bxe5 26. Qxe5+ Qxe5 27. dxe5 Re4 28. Rf8+ Rxf8 29. Rxf8+ Kh7 30. Ng5+ Kg7 31. Rf7+ Kh6 32. Nxe4 1-0


[Site "https://www.chess.com"]

[Event "Titled Tuesday Blitz July 18 Early 2023"]
[White "Nakamura, Hikaru"]
[Black "Xu, Xiangyu"]
[WhiteFideId "2016192"]
[BlackFideId "8608288"]
[WhiteElo "3254"]
[BlackElo "2999"]
[Result "1-0"]
[Round "6"]
[TimeControl "180+2"]
[Date "2023.07.18"]
[WhiteClock "0:00:13"]
[BlackClock "0:00:04"]
[Board "1"]

1. a3 e5 2. c4 Nf6 3. d3 c6 4. Nf3 h6 5. Nc3 Bd6 6. g4 Nxg4 7. Rg1 f5 8. h3 Nxf2 9. Kxf2 g5 10. e4 Qf6 11. b4 Bc7 12. d4 d6 13. dxe5 dxe5 14. Kg2 g4 15. Nh2 Na6 16. exf5 Bxf5 17. Nxg4 Qh4 18. Qf3 Rf8 19. Qg3 Qe7 20. Bxh6 Rg8 21. Be2 O-O-O 22. Rad1 Rd4 23. Rgf1 Qe6 24. Be3 Rxd1 25. Nxd1 Nb8 26. Qf3 Bg6 27. Qf6 Qe8 28. Ndf2 Nd7 29. Qh4 e4 30. Nh6 Rh8 31. Nfg4 Kb8 32. Bf4 Bxf4 33. Rxf4 Ka8 34. Nf6 Nxf6 35. Rxf6 e3 36. Qf4 a5 37. Ng4 Be4+ 38. Kg3 axb4 39. axb4 Bh1 40. Qe5 Qd7 41. Rd6 Qh7 42. Rh6 1-0


[Site "https://www.chess.com"]

[Event "Titled Tuesday Blitz July 18 Early 2023"]
[White "Oparin, Grigoriy"]
[Black "Dubov, Daniil"]
[WhiteFideId "24125890"]
[BlackFideId "24126055"]
[WhiteElo "2993"]
[BlackElo "3100"]
[Result "0-1"]
[Round "6"]
[TimeControl "180+2"]
[Date "2023.07.18"]
[WhiteClock "0:00:00"]
[BlackClock "0:00:09"]
[Board "2"]

1. d4 Nf6 2. c4 e6 3. Nc3 d5 4. cxd5 exd5 5. Bg5 Be7 6. e3 O-O 7. Bd3 Re8 8. Qc2 h6 9. Bh4 c5 10. Nf3 cxd4 11. Nxd4 Nc6 12. Nxc6 bxc6 13. O-O Be6 14. Na4 Nd7 15. Bxe7 Qxe7 16. Rac1 Ne5 17. Nc5 Bg4 18. Bh7+ Kh8 19. Bf5 h5 20. h3 Nf3+ 21. Kh1 Qe5 22. gxf3 Bxf3+ 23. Kg1 Qf6 24. Kh2 Qd6+ 25. Kg1 Qf6 26. Kh2 Re5 27. Nd7 Qxf5 28. Qxf5 Rxf5 29. Rxc6 Be2 30. Re1 Bb5 31. Rc7 Rxf2+ 32. Kg3 Rxb2 33. Ne5 Be8 34. Nxf7+ Bxf7 35. Rxf7 Re8 36. Rf5 d4 37. Rxh5+ Kg8 38. e4 Rxa2 39. Rd5 Ra3+ 40. Kg4 Re3 41. Rxe3 dxe3 42. Kf3 Rxe4 43. Ke2 Re7 44. Ra5 Kh7 45. Ra6 g6 46. Ra5 Kh6 47. h4 Kg7 48. Ra6 Kh7 49. Ra4 Kh6 50. Ra5 Kg7 51. Ra6 Kf7 52. Ra4 Kf6 53. Ra5 Kf7 54. Ra6 Kg7 55. Ra4 Kf6 56. Ra5 Re4 57. Rxa7 Kf5 58. Ra5+ Kf4 59. Ra6 Kf5 60. Ra5+ Kf6 61. Ra6+ Kg7 62. Ra5 Kh6 63. Rb5 Rxh4 64. Kxe3 Rh5 65. Rb6 Rf5 66. Ke4 Rf8 67. Rb1 g5 68. Rh1+ Kg6 69. Rg1 Kh5 70. Rh1+ Kg4 71. Rg1+ Kh4 72. Rh1+ Kg4 73. Rg1+ Kh5 74. Rh1+ Kg6 75. Rg1 Rf5 76. Ke3 Kh5 77. Rh1+ Kg4 78. Rg1+ Kh4 79. Rh1+ Kg3 80. Rg1+ Kh2 81. Rg4 Kh3 82. Rg1 g4 83. Ke4 Rf8 0-1


[Site "https://www.chess.com"]

[Event "Titled Tuesday Blitz July 18 Early 2023"]
[White "Jones, Gawain C B"]
[Black "Sarana, Alexey"]
[WhiteFideId "409561"]
[BlackFideId "24133795"]
[WhiteElo "2944"]
[BlackElo "3036"]
[Result "0-1"]
[Round "6"]
[TimeControl "180+2"]
[Date "2023.07.18"]
[WhiteClock "0:00:02"]
[BlackClock "0:00:09"]
[Board "3"]

1. Nf3 d5 2. c4 e6 3. g3 Nf6 4. Bg2 Be7 5. O-O O-O 6. b3 c5 7. cxd5 Nxd5 8. Bb2 b6 9. d4 cxd4 10. Nxd4 Bb7 11. e4 Nc7 12. Qc2 Nd7 13. Rd1 Rc8 14. Nc6 Bxc6 15. Qxc6 Nb8 16. Qc1 Nb5 17. Nc3 Nxc3 18. Rxd8 Ne2+ 19. Kf1 Rxc1+ 20. Rxc1 Nxg3+ 21. hxg3 Rxd8 22. Rc7 Bc5 23. Bc3 a5 24. Bxa5 Bd6 25. Bxb6 Bxc7 26. Bxc7 Rc8 27. Bf4 Na6 28. Bd6 Rc1+ 29. Ke2 Rc2+ 30. Ke3 Rxa2 31. Bf1 f6 32. Bc4 Kf7 33. f4 Ke8 34. Bxe6 Rg2 35. f5 Kd8 36. b4 Nc7 37. Bc4 Kd7 38. Bf4 Kc6 39. e5 Rb2 40. e6 Rxb4 41. Kd3 Rb1 42. Kc2 Re1 43. Kc3 Nd5+ 44. Kd2 Re4 45. Kd3 Re1 46. Kd2 Ra1 47. Kd3 Nxf4+ 48. gxf4 Kd6 49. Bb5 Re1 50. Be8 Ke7 51. Bh5 Rh1 52. Bf3 Re1 53. Kd2 Ra1 54. Ke3 Ra3+ 55. Kf2 Ra5 56. Be4 Ra4 57. Kf3 Kd6 58. Bc2 Rb4 59. Kg4 Rc4 60. Bb3 Rc3 61. Ba4 Re3 62. Be8 Re1 63. Bf7 Rg1+ 64. Kf3 g6 65. Kf2 Rg4 66. Kf3 gxf5 67. Bh5 Rh4 68. Bf7 Rh3+ 69. Kg2 Ra3 70. Kf2 Rc3 71. Kg2 Re3 72. Bg8 h6 73. Kf2 Rxe6 74. Bxe6 Kxe6 75. Kg3 Kd5 76. Kh4 Ke4 0-1


[Site "https://www.chess.com"]

[Event "Titled Tuesday Blitz July 18 Early 2023"]
[White "Carlsen, Magnus"]
[Black "Pranav, V"]
[WhiteFideId "1503014"]
[BlackFideId "25060783"]
[WhiteElo "3280"]
[BlackElo "2963"]
[Result "1-0"]
[Round "6"]
[TimeControl "180+2"]
[Date "2023.07.18"]
[WhiteClock "0:01:30"]
[BlackClock "0:00:10"]
[Board "4"]

1. e4 e5 2. f4 Bc5 3. Qh5 Nf6 4. Qxe5+ Be7 5. Qc3 O-O 6. e5 Ne4 7. Qe3 d5 8. d3 Bc5 9. d4 Bb6 10. Nc3 c5 11. Nxe4 cxd4 12. Qf3 dxe4 13. Qxe4 Nc6 14. a3 Re8 15. Bd3 g6 16. Nf3 f6 17. O-O Bg4 18. h3 Bf5 19. Qe2 Bxd3 20. cxd3 Qd5 21. Bd2 fxe5 22. fxe5 Nxe5 23. Nxe5 Rxe5 24. Qf2 Rf5 25. Qg3 Raf8 26. Rxf5 Qxf5 27. Bh6 Rd8 28. Rf1 Qe6 29. Qf3 Bc7 30. Qf8+ 1-0


[Site "https://www.chess.com"]

[Event "Titled Tuesday Blitz July 18 Early 2023"]
[White "Firouzja, Alireza"]
[Black "Kamsky, Gata"]
[WhiteFideId "12573981"]
[BlackFideId "2000024"]
[WhiteElo "3103"]
[BlackElo "3015"]
[Result "1/2-1/2"]
[Round "6"]
[TimeControl "180+2"]
[Date "2023.07.18"]
[WhiteClock "0:00:03"]
[BlackClock "0:00:16"]
[Board "5"]

1. e4 d5 2. exd5 Qxd5 3. Nc3 Qa5 4. d4 Nf6 5. Nf3 c6 6. Bc4 Bf5 7. Ne5 e6 8. g4 Be4 9. O-O Bd5 10. g5 Nfd7 11. Nxd5 cxd5 12. Nxd7 Nxd7 13. Bd3 Bd6 14. Qg4 g6 15. Be3 Nb6 16. c3 Nc8 17. Rfe1 Ne7 18. Qf3 O-O 19. h4 Rae8 20. Bf4 Qc7 21. Be5 Nc6 22. Bf6 Ne7 23. h5 Qd7 24. Kg2 Nf5 25. Bxf5 gxf5 26. Re5 Be7 27. Bxe7 Qxe7 28. Qf4 h6 29. g6 Qg5+ 30. Qxg5 hxg5 31. Rae1 Kg7 32. c4 dxc4 33. d5 fxg6 34. hxg6 Kxg6 35. Rxe6+ Rxe6 36. Rxe6+ Rf6 37. Re7 Rf7 38. Re6+ Kg7 39. Re5 Kf6 40. Re6+ Kg7 41. Re5 Kg6 42. Re6+ Rf6 43. Re7 Rb6 44. d6 Rxd6 45. Rxb7 Ra6 46. a3 c3 47. bxc3 Rxa3 48. c4 Kf6 49. c5 Ke6 50. Rg7 g4 51. c6 a5 52. Rg6+ Ke5 53. c7 Rc3 54. Ra6 Rxc7 55. Rxa5+ Kf4 56. Ra8 Rc2 57. Rb8 Rd2 58. Ra8 Rd4 59. Rb8 Ke4 60. Re8+ Kd3 61. Ra8 f4 62. Ra3+ Ke2 63. Ra2+ Rd2 64. Ra4 g3 65. Rxf4 gxf2 66. Rxf2+ Ke3 67. Rxd2 Kxd2 1/2-1/2


[Site "https://www.chess.com"]

[Event "Titled Tuesday Blitz July 18 Early 2023"]
[White "Theodorou, Nikolas"]
[Black "Svane, Rasmus"]
[WhiteFideId "4262875"]
[BlackFideId "4657101"]
[WhiteElo "3087"]
[BlackElo "2970"]
[Result "0-1"]
[Round "6"]
[TimeControl "180+2"]
[Date "2023.07.18"]
[WhiteClock "0:00:00"]
[BlackClock "0:00:06"]
[Board "6"]

1. Nf3 d5 2. b3 Bg4 3. e3 e6 4. h3 Bf5 5. Bb2 h6 6. c4 Nf6 7. Nc3 c6 8. d4 Nbd7 9. Bd3 Bd6 10. O-O O-O 11. Re1 Re8 12. e4 dxe4 13. Nxe4 Nxe4 14. Bxe4 Bxe4 15. Rxe4 Nf6 16. Re2 a5 17. a4 Rc8 18. Bc3 Bc7 19. Qe1 b6 20. Rd1 Bd6 21. Rd3 Nh7 22. Ne5 Qe7 23. Qd1 Nf6 24. Rf3 Red8 25. Qc2 Bxe5 26. dxe5 Nd7 27. Rg3 Nc5 28. Bd2 Qh4 29. Rg4 Qh5 30. Be3 Rd7 31. Bxc5 bxc5 32. Qc3 Qf5 33. Qxa5 Qb1+ 34. Kh2 Qxb3 35. Qxc5 Qxa4 36. Re3 Kh7 37. Reg3 Rg8 38. Qe3 Qc2 39. Qc5 Qf5 40. Qxc6 Rd2 41. f4 g6 42. Qb7 Kg7 43. Rc3 Rf2 44. Rf3 Rc2 45. Qb3 Rc8 46. Rc3 Rf2 47. Rf3 Rxf3 48. Qxf3 Rxc4 49. Qe3 h5 50. Rh4 Ra4 51. Qg3 Ra2 52. Qf3 Rc2 53. Qg3 Qe4 54. Rxh5 Rxg2+ 55. Qxg2 Qxg2+ 56. Kxg2 gxh5 57. Kg3 f6 58. Kh4 fxe5 59. Kxh5 exf4 60. Kg4 e5 0-1


[Site "https://www.chess.com"]